Wolfpack vs Americans

Created - Friday, January 24, 2025 at 23:36

Goals
1 2 3 T
Wolfpack 1 0 0 1
Americans 1 1 0 2
Shots
1 2 3 T
Wolfpack 10 13 15 38
Americans 14 7 7 28

1st period

1. Wolfpack , Gage Quinney 7 (Colton White 2, Charles Hudon 27) at 4:23
2. Americans , Joakim Kemell 11 (Nikita Alexandrov 28, Thomas Bordeleau 32) at 12:43 (PP)

Penalties :
Jacob MacDonald (HAR) for Roughing (Minor) at 0:49, Tyler Madden (HAR) for Interference (Minor) at 12:06, Joakim Kemell (RCH) for Slashing (Minor) at 14:06, Will Butcher (HAR) for Delaying the game (Minor) at 17:47

2nd period

3. Americans , Alex Turcotte 11 (Joakim Kemell 26, Josh Anderson 52) at 1:39 (PP)

Penalties :
Mackenzie Entwistle (HAR) for Roughing (Minor) at 1:13, Ian Mitchell (RCH) for Slashing (Double Minor) at 10:16, Michael Vukojevic (RCH) for Interference (Minor) at 15:43

3rd period

No Goal

Penalties :
Mackenzie Entwistle (HAR) for Interference (Minor) at 3:42, Henry Thrun (RCH) for Roughing (Minor) at 3:51, Nicolas Deslauriers (HAR) for Tripping (Minor) at 5:52, Jack Thompson (RCH) for Hooking (Minor) at 16:43

Goalie Stats

Jesper Wallstedt (HAR), 26 saves from 28 shots - (0.929), L, 25-14-8, 59:22 minutes
Adam Scheel (RCH), 37 saves from 38 shots - (0.974), W, 12-2-3, 60:00 minutes

Players Stats for Wolfpack

Player Name              G  A  P  +/- PIM S  H  SB GA TA FO     MP     PP MP  PK MP  
------------------------------------------------------------------------------------
Charles Hudon            0  1  1   1  0   2  1  0  0  0  8/16   16:45   4:30   1:39 
Cole Schneider           0  0  0   0  0   0  0  0  0  0  4/5    18:32   0:00   1:58 
Colton White             0  1  1   1  0   0  0  1  0  0  0/0     7:36   0:10   0:22 
Dillon Heatherington     0  0  0   0  0   1  0  0  0  0  0/0    16:20   0:38   0:19 
Drake Caggiula           0  0  0   0  0   2  1  0  0  0  2/2    16:01   5:10   2:25 
Drew Helleson            0  0  0   0  0   0  3  1  0  0  0/0    17:12   0:00   1:49 
Emil Bemstrom            0  0  0   0  0   4  0  1  0  0  0/1     6:52   0:10   0:00 
Gage Quinney             1  0  1   1  0   4  1  0  0  0  1/4    17:33   4:30   1:46 
Jacob MacDonald          0  0  0   0  2   1  3  2  0  0  0/0    19:30   5:00   2:39 
John Leonard             0  0  0   0  0   5  0  0  0  0  4/5    19:08   2:00   0:00 
Josh Mahura              0  0  0   0  0   4  1  3  0  0  0/0    16:32   4:55   3:10 
Mackenzie Entwistle      0  0  0   0  4   5  1  0  0  0  0/1    22:10   4:20   3:31 
Marco Scandella          0  0  0   1  0   1  1  0  0  0  0/0    23:08   4:27   3:10 
Mavrik Bourque           0  0  0   0  0   4  0  0  0  0  11/22  13:10   5:25   0:00 
Nicolas Deslauriers      0  0  0   1  2   2  6  0  0  0  4/7    17:33   3:59   2:59 
Tyler Madden             0  0  0   0  2   0  0  0  0  0  9/11    6:38   0:00   0:00 
Vasili Ponomarev         0  0  0   0  0   2  1  0  0  0  7/15   16:35   0:11   0:00 
Will Butcher             0  0  0   0  2   1  1  1  0  0  0/0    19:40   5:00   2:49 

Players Stats for Americans

Player Name              G  A  P  +/- PIM S  H  SB GA TA FO     MP     PP MP  PK MP  
------------------------------------------------------------------------------------
Alex Turcotte            1  0  1   0  0   2  0  0  0  0  7/20   17:22   3:21   0:00 
Carter Mazur             0  0  0   0  0   1  3  0  0  0  0/2    17:09   3:21   0:00 
Dennis Cholowski         0  0  0  -1  0   1  2  4  0  0  0/0    24:51   3:26   4:55 
Henry Thrun              0  0  0   0  2   2  2  2  0  0  0/0    22:00   3:42   5:14 
Ian Mitchell             0  0  0   0  4   0  0  3  0  0  0/0    18:01   0:00   2:43 
Ivan Ivan                0  0  0   0  0   2  1  0  0  0  15/21  16:17   0:00   5:23 
Jack Thompson            0  0  0   0  2   1  0  2  0  0  0/0    14:56   0:09   2:16 
Joakim Kemell            1  1  2   0  2   3  2  0  0  0  0/0    17:12   3:58   0:00 
Jonathan Gruden          0  0  0  -1  0   0  0  0  0  0  0/1     4:51   0:00   0:55 
Josh Anderson            0  1  1  -1  0   9  3  0  0  0  3/5    21:21   3:34   0:57 
Kristian Reichel         0  0  0   0  0   2  2  0  0  0  1/3    17:24   0:00   5:47 
Martin Chromiak          0  0  0  -1  0   0  1  0  0  0  0/0     6:48   0:00   2:52 
Michael Vukojevic        0  0  0   0  2   0  7  1  0  0  0/0    15:43   0:00   3:09 
Nikita Alexandrov        0  1  1   0  0   1  2  0  0  0  10/28  17:00   3:48   0:00 
Robin Salo               0  0  0  -1  0   0  1  1  0  0  0/0    18:35   3:26   1:27 
Samuel Houde             0  0  0   0  0   1  0  0  0  0  0/0     1:33   0:00   1:05 
Sheldon Rempal           0  0  0   0  0   2  0  0  0  0  1/3    17:55   3:11   0:00 
Thomas Bordeleau         0  1  1   0  0   1  2  0  0  0  2/6    19:02   3:48   3:37 

3 Stars

1 - Adam Scheel (RCH)
2 - Joakim Kemell (RCH)
3 - Gage Quinney (HAR)

Power Play

Wolfpack - 0 on 6 Attempt(s) - 0.00%
Americans - 2 on 6 Attempt(s) - 33.33%

Penalty Kill

Wolfpack - 4 on 6 Attempt(s) - 66.67% - Score 0 goal in Penalty Kill
Americans - 6 on 6 Attempt(s) - 100.00% - Score 0 goal in Penalty Kill

Team Stat

Wolfpack - Hits : 20 - Faceoff Wins : 50 - Blocked Shots : 9 - Penalty Minutes : 12
Americans - Hits : 28 - Faceoff Wins : 39 - Blocked Shots : 13 - Penalty Minutes : 12

Official

Referees : Mitch Dunning and Graham Skilliter
Linesman : Ryan Gibbons and Derek Nansen

Game Notes

No Game Note

Finance

Level 1 -- Attendance: 1960 (98.00%) -- Ticket Income $68,600
Level 2 -- Attendance: 883 (88.30%) -- Ticket Income $13,245
Total Attendance: 2843 (94.77%)
Total Ticket Income: $81,845
Other Income: $40,104
Total Income: $121,949

Wolfpack

5 vs 5 Forward 
   Center                   Left Wing                Right Wing               Time % Phy DF OF 
 1 Mavrik Bourque           Mackenzie Entwistle      Drake Caggiula           25     1   2  2  
 2 Charles Hudon            Gage Quinney             Nicolas Deslauriers      25     1   2  2  
 3 Vasili Ponomarev         Cole Schneider           John Leonard             25     1   2  2  
 4 Tyler Madden             Emil Bemstrom            Mackenzie Entwistle      25     1   2  2  

5 vs 5 Defense 
   Defense                  Defense                                           Time % Phy DF OF 
 1 Marco Scandella          Josh Mahura                                       25     1   2  2  
 2 Jacob MacDonald          Will Butcher                                      25     1   2  2  
 3 Dillon Heatherington     Drew Helleson                                     25     1   2  2  
 4 Colton White             Marco Scandella                                   25     1   2  2  

PowerPlay Forward 
   Center                   Left Wing                Right Wing               Time % Phy DF OF 
 1 Mavrik Bourque           Mackenzie Entwistle      Drake Caggiula           60     1   2  2  
 2 Charles Hudon            Gage Quinney             Nicolas Deslauriers      40     1   2  2  

PowerPlay Defense
   Defense                  Defense                                           Time % Phy DF OF 
 1 Marco Scandella          Josh Mahura                                       60     1   2  2  
 2 Jacob MacDonald          Will Butcher                                      40     1   2  2  

Penalty Kill 4 Players Forward 
   Center                   Wing                     Time % Phy DF OF 
 1 Nicolas Deslauriers      Mackenzie Entwistle      60     1   2  2  
 2 Drake Caggiula           Charles Hudon            40     1   2  2  

Penalty Kill 4 Players Defense
   Defense                  Defense                  Time % Phy DF OF 
 1 Marco Scandella          Josh Mahura              60     1   2  2  
 2 Jacob MacDonald          Will Butcher             40     1   2  2  

Penalty Kill - 3 Players Forward 
   Forward                                           Time % Phy DF OF 
 1 Drake Caggiula                                    60     1   2  2  
 2 Mackenzie Entwistle                               40     1   2  2  

Penalty Kill - 3 Players Defense
   Defense                  Defense                  Time % Phy DF OF 
 1 Marco Scandella          Josh Mahura              60     1   2  2  
 2 Jacob MacDonald          Will Butcher             40     1   2  2  

4 vs 4 Forward 
   Center                   Wing                     Time % Phy DF OF 
 1 John Leonard             Mackenzie Entwistle      60     1   2  2  
 2 Drake Caggiula           Charles Hudon            40     1   2  2  

4 vs 4 Defense
   Defense                  Defense                  Time % Phy DF OF 
 1 Marco Scandella          Josh Mahura              60     1   2  2  
 2 Jacob MacDonald          Will Butcher             40     1   2  2  

Last Minutes Offensive
   Center                   Left Wing                Right Wing               Defense                  Defense                  
   Mavrik Bourque           Mackenzie Entwistle      Drake Caggiula           Marco Scandella          Josh Mahura              

Last Minutes Defensive
   Center                   Left Wing                Right Wing               Defense                  Defense                  
   Mavrik Bourque           Mackenzie Entwistle      Drake Caggiula           Marco Scandella          Josh Mahura              

Goaltenders
Starting : Jesper Wallstedt         
Backup : Cal Petersen             

Extra Forwards
Normal : John Leonard, Vasili Ponomarev, Cole Schneider - PP : John Leonard, Vasili Ponomarev - PK : Cole Schneider
Extra Defensemen
Normal : Dillon Heatherington, Drew Helleson, Colton White - PP : Dillon Heatherington - PK : Drew Helleson, Colton White
Penalty Shots
Vasili Ponomarev, Mackenzie Entwistle, Drake Caggiula, Charles Hudon, Nicolas Deslauriers
Custom OT Lines Forwards
Mavrik Bourque, Mackenzie Entwistle, Drake Caggiula, Charles Hudon, Nicolas Deslauriers, John Leonard, Vasili Ponomarev, Gage Quinney, Cole Schneider, Tyler Madden
Custom OT Lines Defensemen
Marco Scandella, Josh Mahura, Jacob MacDonald, Will Butcher, Dillon Heatherington

Scratches
Wade Allison (Healthy), Skyler Brind'Amour (Healthy), Matthew Phillips (Healthy), Montana Onyebuchi (Healthy), Matt Filipe (Healthy)
Dave Gust (Healthy), Matt Kiersted (Healthy), Zach Sawchenko (Healthy)

Americans

5 vs 5 Forward 
   Center                   Left Wing                Right Wing               Time % Phy DF OF 
 1 Alex Turcotte            Sheldon Rempal           Josh Anderson            31     1   1  3  
 2 Nikita Alexandrov        Carter Mazur             Joakim Kemell            30     0   1  4  
 3 Ivan Ivan                Thomas Bordeleau         Kristian Reichel         27     2   1  2  
 4 Josh Anderson            Jonathan Gruden          Martin Chromiak          12     2   2  1  

5 vs 5 Defense 
   Defense                  Defense                                           Time % Phy DF OF 
 1 Henry Thrun              Ian Mitchell                                      32     1   2  2  
 2 Dennis Cholowski         Robin Salo                                        30     1   2  2  
 3 Michael Vukojevic        Jack Thompson                                     28     2   2  1  
 4 Dennis Cholowski         Ian Mitchell                                      10     2   1  2  

PowerPlay Forward 
   Center                   Left Wing                Right Wing               Time % Phy DF OF 
 1 Alex Turcotte            Carter Mazur             Joakim Kemell            60     1   0  4  
 2 Nikita Alexandrov        Thomas Bordeleau         Sheldon Rempal           40     1   0  4  

PowerPlay Defense
   Defense                  Defense                                           Time % Phy DF OF 
 1 Henry Thrun              Josh Anderson                                     60     1   1  3  
 2 Robin Salo               Dennis Cholowski                                  40     1   1  3  

Penalty Kill 4 Players Forward 
   Center                   Wing                     Time % Phy DF OF 
 1 Ivan Ivan                Kristian Reichel         60     2   2  1  
 2 Thomas Bordeleau         Martin Chromiak          40     2   2  1  

Penalty Kill 4 Players Defense
   Defense                  Defense                  Time % Phy DF OF 
 1 Dennis Cholowski         Henry Thrun              60     2   3  0  
 2 Michael Vukojevic        Ian Mitchell             40     2   3  0  

Penalty Kill - 3 Players Forward 
   Forward                                           Time % Phy DF OF 
 1 Ivan Ivan                                         60     2   2  1  
 2 Thomas Bordeleau                                  40     2   2  1  

Penalty Kill - 3 Players Defense
   Defense                  Defense                  Time % Phy DF OF 
 1 Dennis Cholowski         Henry Thrun              60     2   3  0  
 2 Michael Vukojevic        Ian Mitchell             40     2   3  0  

4 vs 4 Forward 
   Center                   Wing                     Time % Phy DF OF 
 1 Alex Turcotte            Carter Mazur             60     1   0  4  
 2 Nikita Alexandrov        Joakim Kemell            40     1   0  4  

4 vs 4 Defense
   Defense                  Defense                  Time % Phy DF OF 
 1 Robin Salo               Josh Anderson            60     1   1  3  
 2 Sheldon Rempal           Dennis Cholowski         40     1   1  3  

Last Minutes Offensive
   Center                   Left Wing                Right Wing               Defense                  Defense                  
   Alex Turcotte            Josh Anderson            Joakim Kemell            Henry Thrun              Ian Mitchell             

Last Minutes Defensive
   Center                   Left Wing                Right Wing               Defense                  Defense                  
   Thomas Bordeleau         Sheldon Rempal           Kristian Reichel         Dennis Cholowski         Ian Mitchell             

Goaltenders
Starting : Adam Scheel              
Backup : Trent Miner              

Extra Forwards
Normal : Joakim Kemell, Josh Anderson, Sheldon Rempal - PP : Sheldon Rempal, Joakim Kemell - PK : Thomas Bordeleau
Extra Defensemen
Normal : Michael Vukojevic, Henry Thrun, Ian Mitchell - PP : Robin Salo - PK : Henry Thrun, Ian Mitchell
Penalty Shots
Joakim Kemell, Carter Mazur, Sheldon Rempal, Kristian Reichel, Ivan Ivan
Custom OT Lines Forwards
Alex Turcotte, Josh Anderson, Thomas Bordeleau, Joakim Kemell, Nikita Alexandrov, Carter Mazur, Ivan Ivan, Sheldon Rempal, Martin Chromiak, Kristian Reichel
Custom OT Lines Defensemen
Henry Thrun, Ian Mitchell, Dennis Cholowski, Michael Vukojevic, Robin Salo

Scratches
Mattias Norlinder (Healthy), Jason Polin (Healthy), David Spacek (Healthy), Jakub Demek (Healthy), Amadeus Lombardi (Healthy)
Maxim Cajkovic (Healthy), Robert Mastrosimone (Healthy), Libor Hajek (Healthy), Xavier Parent (Healthy), Travis Mitchell (Healthy)
Josiah Slavin (Healthy), Hunter Skinner (Right Hip Injury), Oskari Salminen (Healthy), Strauss Mann (Healthy), Jacob Ingham (Healthy)
Hunter Jones (Healthy)

% Time on Ice - Wolfpack

Lines # - Real PCT - Wanted PCT - Time Play
Normal Forward
1 - 17% - 25% - 7:02
2 - 26% - 25% - 10:36
3 - 40% - 25% - 15:56
4 - 17% - 25% - 6:39
Normal Defense
1 - 18% - 25% - 7:03
2 - 27% - 25% - 10:43
3 - 38% - 25% - 15:23
4 - 18% - 25% - 7:04
PP Forward
1 - 55% - 60% - 5:35
2 - 45% - 40% - 4:30
PP Defense
1 - 50% - 60% - 5:05
2 - 50% - 40% - 5:00
PK Forward
1 - 77% - 60% - 5:30
2 - 23% - 40% - 1:39
PK Defense
1 - 44% - 60% - 3:10
2 - 56% - 40% - 3:59
PK3 Forward
1 - 0% - 60%
2 - 0% - 40%
PK3 Defense
1 - 0% - 60%
2 - 0% - 40%
44 Forward
1 - 100% - 60% - 1:50
2 - 0% - 40% - 0:00
44 Defense
1 - 37% - 60% - 0:41
2 - 63% - 40% - 1:09
Last Minute Offensive  - 0:43
Last Minute Defensive  - 0:00
Total
Forward - 60:00
Defense - 60:00

% Time on Ice - Americans

Lines # - Real PCT - Wanted PCT - Time Play
Normal Forward
1 - 32% - 31% - 12:48
2 - 31% - 30% - 12:35
3 - 27% - 27% - 10:54
4 - 10% - 12% - 3:56
Normal Defense
1 - 32% - 32% - 13:04
2 - 33% - 30% - 13:05
3 - 31% - 28% - 12:32
4 - 4% - 10% - 1:32
PP Forward
1 - 47% - 60% - 3:21
2 - 53% - 40% - 3:48
PP Defense
1 - 52% - 60% - 3:43
2 - 48% - 40% - 3:26
PK Forward
1 - 73% - 60% - 7:24
2 - 27% - 40% - 2:41
PK Defense
1 - 40% - 60% - 4:04
2 - 60% - 40% - 6:01
PK3 Forward
1 - 0% - 60%
2 - 0% - 40%
PK3 Defense
1 - 0% - 60%
2 - 0% - 40%
44 Forward
1 - 66% - 60% - 1:13
2 - 34% - 40% - 0:37
44 Defense
1 - 34% - 60% - 0:37
2 - 66% - 40% - 1:13
Last Minute Offensive  - 0:00
Last Minute Defensive  - 0:43
Total
Forward - 60:00
Defense - 60:00

Play-by-Play

1st period


0:01 of 1st period - Mavrik Bourque wins face-off versus Alex Turcotte in neutral zone.
0:34 of 1st period - Shot by Mavrik Bourque.
0:34 of 1st period - Stopped by Adam Scheel without a rebound.
0:35 of 1st period - Nikita Alexandrov wins face-off versus Charles Hudon in Americans zone.
0:44 of 1st period - Shot by Carter Mazur.
0:44 of 1st period - Shot Misses the Net.
0:46 of 1st period - Shot by Nikita Alexandrov.
0:46 of 1st period - Stopped by Jesper Wallstedt with a rebound.
0:49 of 1st period - Minor Penalty to Jacob MacDonald for Roughing.
0:50 of 1st period - Nikita Alexandrov wins face-off versus Nicolas Deslauriers in Wolfpack zone.
1:00 of 1st period - Thomas Bordeleau is hit by Drew Helleson and loses puck.
1:22 of 1st period - Shot by Thomas Bordeleau.
1:22 of 1st period - Shot Misses the Net.
1:50 of 1st period - Shot by Josh Anderson.
1:50 of 1st period - Stopped by Jesper Wallstedt without a rebound.
1:51 of 1st period - Drake Caggiula wins face-off versus Alex Turcotte in Wolfpack zone.
1:51 of 1st period - Drake Caggiula is hit by Joakim Kemell.
2:03 of 1st period - Shot by Josh Anderson.
2:03 of 1st period - Shot Misses the Net.
2:05 of 1st period - Shot by Henry Thrun.
2:05 of 1st period - Deflect By Joakim Kemell.
2:05 of 1st period - Stopped by Jesper Wallstedt with a rebound.
2:07 of 1st period - Shot by Henry Thrun.
2:07 of 1st period - Shot Misses the Net.
2:09 of 1st period - Shot by Josh Anderson.
2:09 of 1st period - Shot Blocked by Josh Mahura.
2:11 of 1st period - Shot by Henry Thrun.
2:11 of 1st period - Shot Misses the Net.
2:13 of 1st period - Shot by Alex Turcotte.
2:13 of 1st period - Shot Misses the Net.
2:15 of 1st period - Shot by Josh Anderson.
2:15 of 1st period - Shot Misses the Net.
2:19 of 1st period - Shot by Josh Anderson.
2:19 of 1st period - Stopped by Jesper Wallstedt with a rebound.
2:55 of 1st period - Shot by Ivan Ivan.
2:55 of 1st period - Stopped by Jesper Wallstedt without a rebound.
2:56 of 1st period - Ivan Ivan wins face-off versus Vasili Ponomarev in Wolfpack zone.
3:05 of 1st period - Shot by Thomas Bordeleau.
3:05 of 1st period - Deflect By Ivan Ivan.
3:05 of 1st period - Stopped by Jesper Wallstedt with a rebound.
3:21 of 1st period - Icing by Michael Vukojevic.
3:22 of 1st period - Tyler Madden wins face-off versus Ivan Ivan in Americans zone.
3:59 of 1st period - Icing by Robin Salo.
4:00 of 1st period - Josh Anderson wins face-off versus Nicolas Deslauriers in Americans zone.
4:02 of 1st period - Jonathan Gruden is hit by Nicolas Deslauriers and loses puck.
4:14 of 1st period - Gage Quinney is hit by Robin Salo and loses puck.
4:19 of 1st period - Shot by Charles Hudon.
4:19 of 1st period - Shot Misses the Net.
4:21 of 1st period - Shot by Colton White.
4:21 of 1st period - Shot Blocked by Robin Salo.
4:23 of 1st period - Shot by Gage Quinney.
4:23 of 1st period - Goal by Gage Quinney - Wolfpack : 1 - Americans : 0.
4:24 of 1st period - Vasili Ponomarev wins face-off versus Carter Mazur in neutral zone.
4:31 of 1st period - Shot by Vasili Ponomarev.
4:31 of 1st period - Shot Misses the Net.
4:53 of 1st period - Shot by John Leonard.
4:53 of 1st period - Stopped by Adam Scheel with a rebound.
4:57 of 1st period - Shot by John Leonard.
4:57 of 1st period - Shot Blocked by Ian Mitchell.
5:47 of 1st period - Shot by Alex Turcotte.
5:47 of 1st period - Stopped by Jesper Wallstedt without a rebound.
5:48 of 1st period - Ivan Ivan wins face-off versus Mavrik Bourque in Wolfpack zone.
5:57 of 1st period - Shot by Thomas Bordeleau.
5:57 of 1st period - Shot Blocked by Will Butcher.
6:28 of 1st period - Mackenzie Entwistle is hit by Ivan Ivan and loses puck.
6:32 of 1st period - Icing by Mackenzie Entwistle.
6:33 of 1st period - Mavrik Bourque wins face-off versus Alex Turcotte in Wolfpack zone.
6:52 of 1st period - Shot by Josh Anderson.
6:52 of 1st period - Stopped by Jesper Wallstedt without a rebound.
6:53 of 1st period - Charles Hudon wins face-off versus Nikita Alexandrov in Wolfpack zone.
7:27 of 1st period - Marco Scandella is hit by Henry Thrun and loses puck.
7:37 of 1st period - Icing by Carter Mazur.
7:38 of 1st period - Nikita Alexandrov wins face-off versus Vasili Ponomarev in Americans zone.
8:15 of 1st period - Shot by Josh Anderson.
8:15 of 1st period - Shot Misses the Net.
8:17 of 1st period - Shot by Josh Anderson.
8:17 of 1st period - Shot Blocked by Drew Helleson.
8:19 of 1st period - Shot by Sheldon Rempal.
8:19 of 1st period - Shot Misses the Net.
8:21 of 1st period - Shot by Josh Anderson.
8:21 of 1st period - Stopped by Jesper Wallstedt with a rebound.
8:33 of 1st period - Icing by Vasili Ponomarev.
8:34 of 1st period - Cole Schneider wins face-off versus Thomas Bordeleau in Wolfpack zone.
9:05 of 1st period - Shot by Emil Bemstrom.
9:05 of 1st period - Shot Misses the Net.
9:07 of 1st period - Shot by Mackenzie Entwistle.
9:07 of 1st period - Stopped by Adam Scheel with a rebound.
9:09 of 1st period - Shot by Mackenzie Entwistle.
9:09 of 1st period - Shot Blocked by Jack Thompson.
9:11 of 1st period - Shot by Colton White.
9:11 of 1st period - Shot Misses the Net.
9:13 of 1st period - Shot by Marco Scandella.
9:13 of 1st period - Shot Blocked by Michael Vukojevic.
9:15 of 1st period - Shot by Emil Bemstrom.
9:15 of 1st period - Stopped by Adam Scheel without a rebound.
9:16 of 1st period - Charles Hudon wins face-off versus Josh Anderson in Americans zone.
11:03 of 1st period - Shot by Ivan Ivan.
11:03 of 1st period - Shot Misses the Net.
11:05 of 1st period - Shot by Jack Thompson.
11:05 of 1st period - Shot Misses the Net.
11:07 of 1st period - Shot by Ivan Ivan.
11:07 of 1st period - Deflect By Thomas Bordeleau.
11:07 of 1st period - Stopped by Jesper Wallstedt without a rebound.
11:08 of 1st period - Vasili Ponomarev wins face-off versus Alex Turcotte in Wolfpack zone.
11:54 of 1st period - Josh Anderson is hit by Marco Scandella and loses puck.
12:06 of 1st period - Minor Penalty to Tyler Madden for Interference.
12:07 of 1st period - Nicolas Deslauriers wins face-off versus Nikita Alexandrov in Wolfpack zone.
12:41 of 1st period - Shot by Nikita Alexandrov.
12:41 of 1st period - Shot Misses the Net.
12:43 of 1st period - Shot by Joakim Kemell.
12:43 of 1st period - Goal by Joakim Kemell - Wolfpack : 1 - Americans : 1.
12:44 of 1st period - Ivan Ivan wins face-off versus Vasili Ponomarev in neutral zone.
13:01 of 1st period - Shot by Cole Schneider.
13:01 of 1st period - Shot Misses the Net.
13:16 of 1st period - Vasili Ponomarev is hit by Michael Vukojevic and loses puck.
13:21 of 1st period - Shot by Vasili Ponomarev.
13:21 of 1st period - Stopped by Adam Scheel without a rebound.
13:22 of 1st period - Charles Hudon wins face-off versus Josh Anderson in Americans zone.
13:33 of 1st period - Robin Salo is hit by Nicolas Deslauriers.
13:42 of 1st period - Marco Scandella is hit by Josh Anderson and loses puck.
14:06 of 1st period - Minor Penalty to Joakim Kemell for Slashing.
14:07 of 1st period - Mavrik Bourque wins face-off versus Ivan Ivan in Americans zone.
14:22 of 1st period - Shot by Drake Caggiula.
14:22 of 1st period - Shot Misses the Net.
14:24 of 1st period - Shot by Will Butcher.
14:24 of 1st period - Stopped by Adam Scheel with a rebound.
14:35 of 1st period - Icing by Mackenzie Entwistle.
14:36 of 1st period - Ivan Ivan wins face-off versus Mavrik Bourque in Wolfpack zone.
14:40 of 1st period - Ivan Ivan is hit by Jacob MacDonald and loses puck.
15:11 of 1st period - Shot by Charles Hudon.
15:11 of 1st period - Stopped by Adam Scheel with a rebound.
15:13 of 1st period - Shot by Josh Mahura.
15:13 of 1st period - Stopped by Adam Scheel with a rebound.
15:15 of 1st period - Shot by Nicolas Deslauriers.
15:15 of 1st period - Stopped by Adam Scheel with a rebound.
15:17 of 1st period - Shot by Charles Hudon.
15:17 of 1st period - Shot Blocked by Ian Mitchell.
15:19 of 1st period - Shot by Gage Quinney.
15:19 of 1st period - Shot Misses the Net.
15:21 of 1st period - Shot by Marco Scandella.
15:21 of 1st period - Shot Blocked by Ian Mitchell.
15:23 of 1st period - Shot by Charles Hudon.
15:23 of 1st period - Shot Misses the Net.
15:34 of 1st period - Icing by John Leonard.
15:35 of 1st period - Ivan Ivan wins face-off versus Mavrik Bourque in Wolfpack zone.
16:12 of 1st period - Shot by Jack Thompson.
16:12 of 1st period - Shot Misses the Net.
16:15 of 1st period - Icing by Mackenzie Entwistle.
16:16 of 1st period - Tyler Madden wins face-off versus Nikita Alexandrov in Wolfpack zone.
16:18 of 1st period - Icing by Emil Bemstrom.
16:19 of 1st period - Tyler Madden wins face-off versus Nikita Alexandrov in Wolfpack zone.
16:19 of 1st period - Tyler Madden is hit by Carter Mazur.
16:31 of 1st period - Joakim Kemell is hit by Drew Helleson and loses puck.
17:07 of 1st period - Icing by Marco Scandella.
17:08 of 1st period - Josh Anderson wins face-off versus Vasili Ponomarev in Wolfpack zone.
17:30 of 1st period - Shot by Josh Anderson.
17:30 of 1st period - Stopped by Jesper Wallstedt without a rebound.
17:31 of 1st period - Ivan Ivan wins face-off versus Charles Hudon in Wolfpack zone.
17:33 of 1st period - Kristian Reichel is hit by Jacob MacDonald and loses puck.
17:47 of 1st period - Minor Penalty to Will Butcher for Delaying the game.
17:48 of 1st period - Nicolas Deslauriers wins face-off versus Alex Turcotte in Wolfpack zone.
17:48 of 1st period - Nicolas Deslauriers is hit by Carter Mazur.
18:08 of 1st period - Shot by Henry Thrun.
18:08 of 1st period - Stopped by Jesper Wallstedt with a rebound.
18:10 of 1st period - Shot by Alex Turcotte.
18:10 of 1st period - Deflect By Carter Mazur.
18:10 of 1st period - Stopped by Jesper Wallstedt without a rebound.
18:11 of 1st period - Drake Caggiula wins face-off versus Nikita Alexandrov in Wolfpack zone.
18:33 of 1st period - Shot by Thomas Bordeleau.
18:33 of 1st period - Shot Blocked by Jacob MacDonald.
19:54 of 1st period - John Leonard is hit by Michael Vukojevic and loses puck.
Goals for this period are 1 for Wolfpack vs 1 for Americans.
Shots for this period are 10 for Wolfpack vs 14 for Americans.

2nd period


0:01 of 2nd period - Mavrik Bourque wins face-off versus Sheldon Rempal in neutral zone.
0:18 of 2nd period - Shot by Drake Caggiula.
0:18 of 2nd period - Shot Misses the Net.
0:20 of 2nd period - Shot by Mavrik Bourque.
0:20 of 2nd period - Shot Blocked by Dennis Cholowski.
0:26 of 2nd period - Shot by Mavrik Bourque.
0:26 of 2nd period - Deflect By Drake Caggiula.
0:26 of 2nd period - Stopped by Adam Scheel without a rebound.
0:27 of 2nd period - Nicolas Deslauriers wins face-off versus Nikita Alexandrov in Americans zone.
0:30 of 2nd period - Shot by Gage Quinney.
0:30 of 2nd period - Stopped by Adam Scheel without a rebound.
0:31 of 2nd period - Nikita Alexandrov wins face-off versus Charles Hudon in Americans zone.
0:54 of 2nd period - Shot by Nicolas Deslauriers.
0:54 of 2nd period - Shot Misses the Net.
0:56 of 2nd period - Shot by Gage Quinney.
0:56 of 2nd period - Stopped by Adam Scheel without a rebound.
0:57 of 2nd period - Alex Turcotte wins face-off versus Tyler Madden in Americans zone.
1:02 of 2nd period - Shot by Mackenzie Entwistle.
1:02 of 2nd period - Stopped by Adam Scheel without a rebound.
1:03 of 2nd period - Tyler Madden wins face-off versus Alex Turcotte in Americans zone.
1:11 of 2nd period - Josh Mahura is hit by Dennis Cholowski and loses puck.
1:13 of 2nd period - Minor Penalty to Mackenzie Entwistle for Roughing.
1:14 of 2nd period - Alex Turcotte wins face-off versus Nicolas Deslauriers in Wolfpack zone.
1:17 of 2nd period - Shot by Henry Thrun.
1:17 of 2nd period - Stopped by Jesper Wallstedt without a rebound.
1:18 of 2nd period - Alex Turcotte wins face-off versus Cole Schneider in Wolfpack zone.
1:19 of 2nd period - Shot by Henry Thrun.
1:19 of 2nd period - Shot Misses the Net.
1:31 of 2nd period - Shot by Henry Thrun.
1:31 of 2nd period - Shot Blocked by Josh Mahura.
1:33 of 2nd period - Shot by Josh Anderson.
1:33 of 2nd period - Stopped by Jesper Wallstedt with a rebound.
1:35 of 2nd period - Shot by Joakim Kemell.
1:35 of 2nd period - Shot Misses the Net.
1:37 of 2nd period - Shot by Joakim Kemell.
1:37 of 2nd period - Shot Blocked by Josh Mahura.
1:39 of 2nd period - Shot by Alex Turcotte.
1:39 of 2nd period - Goal by Alex Turcotte - Wolfpack : 1 - Americans : 2.
1:40 of 2nd period - Ivan Ivan wins face-off versus Tyler Madden in neutral zone.
1:43 of 2nd period - Tyler Madden is hit by Thomas Bordeleau.
1:59 of 2nd period - Icing by Jacob MacDonald.
2:00 of 2nd period - Tyler Madden wins face-off versus Sheldon Rempal in Wolfpack zone.
2:20 of 2nd period - Shot by Josh Anderson.
2:20 of 2nd period - Shot Blocked by Emil Bemstrom.
2:22 of 2nd period - Shot by Henry Thrun.
2:22 of 2nd period - Shot Blocked by Jacob MacDonald.
2:45 of 2nd period - Icing by Nicolas Deslauriers.
2:46 of 2nd period - Charles Hudon wins face-off versus Nikita Alexandrov in Wolfpack zone.
2:46 of 2nd period - Charles Hudon is hit by Nikita Alexandrov.
3:28 of 2nd period - Icing by Dennis Cholowski.
3:29 of 2nd period - Vasili Ponomarev wins face-off versus Nikita Alexandrov in Americans zone.
3:57 of 2nd period - Cole Schneider is hit by Michael Vukojevic and loses puck.
4:46 of 2nd period - Icing by Ian Mitchell.
4:47 of 2nd period - Mavrik Bourque wins face-off versus Alex Turcotte in Americans zone.
5:06 of 2nd period - Shot by Sheldon Rempal.
5:06 of 2nd period - Shot Blocked by Colton White.
5:52 of 2nd period - Icing by Will Butcher.
5:53 of 2nd period - Charles Hudon wins face-off versus Kristian Reichel in Wolfpack zone.
5:53 of 2nd period - Charles Hudon is hit by Kristian Reichel.
6:45 of 2nd period - Thomas Bordeleau is hit by Vasili Ponomarev and loses puck.
6:53 of 2nd period - Vasili Ponomarev is hit by Michael Vukojevic and loses puck.
6:59 of 2nd period - Cole Schneider is hit by Michael Vukojevic and loses puck.
7:59 of 2nd period - Ian Mitchell is hit by Charles Hudon.
8:08 of 2nd period - Shot by Josh Anderson.
8:08 of 2nd period - Stopped by Jesper Wallstedt without a rebound.
8:09 of 2nd period - Vasili Ponomarev wins face-off versus Nikita Alexandrov in Wolfpack zone.
8:13 of 2nd period - Icing by John Leonard.
8:14 of 2nd period - Nikita Alexandrov wins face-off versus Vasili Ponomarev in Wolfpack zone.
8:15 of 2nd period - Shot by Henry Thrun.
8:15 of 2nd period - Shot Misses the Net.
9:56 of 2nd period - Shot by Jonathan Gruden.
9:56 of 2nd period - Deflect By Samuel Houde.
9:56 of 2nd period - Stopped by Jesper Wallstedt with a rebound.
10:16 of 2nd period - Double Minor Penalty to Ian Mitchell for Slashing.
10:17 of 2nd period - Mavrik Bourque wins face-off versus Thomas Bordeleau in Americans zone.
10:45 of 2nd period - Shot by Marco Scandella.
10:45 of 2nd period - Stopped by Adam Scheel with a rebound.
11:48 of 2nd period - Shot by Dillon Heatherington.
11:48 of 2nd period - Stopped by Adam Scheel with a rebound.
11:50 of 2nd period - Shot by Drake Caggiula.
11:50 of 2nd period - Stopped by Adam Scheel without a rebound.
11:51 of 2nd period - Ivan Ivan wins face-off versus Charles Hudon in Americans zone.
12:18 of 2nd period - Shot by Will Butcher.
12:18 of 2nd period - Shot Blocked by Dennis Cholowski.
12:20 of 2nd period - Shot by John Leonard.
12:20 of 2nd period - Stopped by Adam Scheel without a rebound.
12:21 of 2nd period - Ivan Ivan wins face-off versus Mackenzie Entwistle in Americans zone.
12:21 of 2nd period - Ivan Ivan is hit by Mackenzie Entwistle.
12:48 of 2nd period - Drake Caggiula is hit by Martin Chromiak and loses puck.
14:00 of 2nd period - Shot by Vasili Ponomarev.
14:00 of 2nd period - Deflect By Emil Bemstrom.
14:00 of 2nd period - Stopped by Adam Scheel without a rebound.
14:01 of 2nd period - Thomas Bordeleau wins face-off versus Mavrik Bourque in Americans zone.
14:14 of 2nd period - Shot by Mackenzie Entwistle.
14:14 of 2nd period - Shot Blocked by Jack Thompson.
14:19 of 2nd period - Icing by Ian Mitchell.
14:20 of 2nd period - Vasili Ponomarev wins face-off versus Nikita Alexandrov in Americans zone.
14:23 of 2nd period - Shot by Vasili Ponomarev.
14:23 of 2nd period - Stopped by Adam Scheel without a rebound.
14:24 of 2nd period - John Leonard wins face-off versus Nikita Alexandrov in Americans zone.
14:27 of 2nd period - Shot by Vasili Ponomarev.
14:27 of 2nd period - Shot Misses the Net.
14:32 of 2nd period - Off-side.
14:33 of 2nd period - Alex Turcotte wins face-off versus Vasili Ponomarev in neutral zone.
14:44 of 2nd period - Shot by Sheldon Rempal.
14:44 of 2nd period - Stopped by Jesper Wallstedt with a rebound.
15:43 of 2nd period - Minor Penalty to Michael Vukojevic for Interference.
15:44 of 2nd period - Ivan Ivan wins face-off versus Charles Hudon in Americans zone.
16:13 of 2nd period - Jack Thompson is hit by Nicolas Deslauriers and loses puck.
16:18 of 2nd period - Shot by Gage Quinney.
16:18 of 2nd period - Stopped by Adam Scheel with a rebound.
16:34 of 2nd period - Shot by Mackenzie Entwistle.
16:34 of 2nd period - Stopped by Adam Scheel without a rebound.
16:35 of 2nd period - Ivan Ivan wins face-off versus Mavrik Bourque in Americans zone.
16:43 of 2nd period - Drake Caggiula is hit by Dennis Cholowski and loses puck.
16:48 of 2nd period - Shot by Josh Mahura.
16:48 of 2nd period - Stopped by Adam Scheel without a rebound.
16:49 of 2nd period - Kristian Reichel wins face-off versus Mavrik Bourque in Americans zone.
16:57 of 2nd period - Icing by Mackenzie Entwistle.
16:58 of 2nd period - Mavrik Bourque wins face-off versus Ivan Ivan in Wolfpack zone.
17:21 of 2nd period - Shot by Josh Mahura.
17:21 of 2nd period - Shot Blocked by Henry Thrun.
17:23 of 2nd period - Shot by Drake Caggiula.
17:23 of 2nd period - Shot Blocked by Dennis Cholowski.
18:19 of 2nd period - Icing by Drew Helleson.
18:20 of 2nd period - Alex Turcotte wins face-off versus Vasili Ponomarev in Wolfpack zone.
18:45 of 2nd period - Shot by Alex Turcotte.
18:45 of 2nd period - Shot Hit the Post.
19:15 of 2nd period - Shot by Kristian Reichel.
19:15 of 2nd period - Stopped by Jesper Wallstedt with a rebound.
Goals for this period are 0 for Wolfpack vs 1 for Americans.
Shots for this period are 13 for Wolfpack vs 7 for Americans.

3rd period


0:01 of 3rd period - Mavrik Bourque wins face-off versus Alex Turcotte in neutral zone.
0:08 of 3rd period - Shot by Drake Caggiula.
0:08 of 3rd period - Shot Misses the Net.
1:26 of 3rd period - Carter Mazur is hit by Nicolas Deslauriers and loses puck.
1:30 of 3rd period - Dennis Cholowski is hit by Jacob MacDonald and loses puck.
2:07 of 3rd period - Cole Schneider is hit by Thomas Bordeleau and loses puck.
3:05 of 3rd period - Icing by Dillon Heatherington.
3:06 of 3rd period - Vasili Ponomarev wins face-off versus Alex Turcotte in Wolfpack zone.
3:42 of 3rd period - Minor Penalty to Mackenzie Entwistle for Interference.
3:43 of 3rd period - Nicolas Deslauriers wins face-off versus Nikita Alexandrov in Wolfpack zone.
3:51 of 3rd period - Minor Penalty to Henry Thrun for Roughing.
3:52 of 3rd period - Alex Turcotte wins face-off versus Gage Quinney in Americans zone.
3:52 of 3rd period - Alex Turcotte is hit by Drake Caggiula.
3:55 of 3rd period - Sheldon Rempal is hit by Gage Quinney and loses puck.
4:16 of 3rd period - Shot by Jacob MacDonald.
4:16 of 3rd period - Shot Misses the Net.
4:35 of 3rd period - Icing by Dennis Cholowski.
4:36 of 3rd period - John Leonard wins face-off versus Alex Turcotte in Americans zone.
4:57 of 3rd period - Shot by Josh Mahura.
4:57 of 3rd period - Stopped by Adam Scheel with a rebound.
5:04 of 3rd period - Icing by Cole Schneider.
5:05 of 3rd period - John Leonard wins face-off versus Nikita Alexandrov in Wolfpack zone.
5:05 of 3rd period - John Leonard is hit by Nikita Alexandrov.
5:13 of 3rd period - Icing by Joakim Kemell.
5:14 of 3rd period - John Leonard wins face-off versus Nikita Alexandrov in Americans zone.
5:23 of 3rd period - Shot by Vasili Ponomarev.
5:23 of 3rd period - Deflect By John Leonard.
5:23 of 3rd period - Stopped by Adam Scheel without a rebound.
5:24 of 3rd period - Nikita Alexandrov wins face-off versus John Leonard in Americans zone.
5:45 of 3rd period - Shot by Marco Scandella.
5:45 of 3rd period - Shot Misses the Net.
5:52 of 3rd period - Minor Penalty to Nicolas Deslauriers for Tripping.
5:53 of 3rd period - Cole Schneider wins face-off versus Nikita Alexandrov in Wolfpack zone.
6:16 of 3rd period - Shot by Josh Anderson.
6:16 of 3rd period - Stopped by Jesper Wallstedt without a rebound.
6:17 of 3rd period - Gage Quinney wins face-off versus Alex Turcotte in Wolfpack zone.
6:45 of 3rd period - Off-side.
6:46 of 3rd period - Nikita Alexandrov wins face-off versus Gage Quinney in neutral zone.
6:55 of 3rd period - Icing by Thomas Bordeleau.
6:56 of 3rd period - Cole Schneider wins face-off versus Nikita Alexandrov in Americans zone.
7:20 of 3rd period - Thomas Bordeleau is hit by Will Butcher and loses puck.
7:43 of 3rd period - Shot by Joakim Kemell.
7:43 of 3rd period - Stopped by Jesper Wallstedt with a rebound.
7:45 of 3rd period - Shot by Dennis Cholowski.
7:45 of 3rd period - Stopped by Jesper Wallstedt without a rebound.
7:46 of 3rd period - Cole Schneider wins face-off versus Alex Turcotte in Wolfpack zone.
8:09 of 3rd period - Shot by John Leonard.
8:09 of 3rd period - Stopped by Adam Scheel without a rebound.
8:10 of 3rd period - Charles Hudon wins face-off versus Jonathan Gruden in Americans zone.
8:34 of 3rd period - Marco Scandella is hit by Josh Anderson and loses puck.
8:40 of 3rd period - Off-side.
8:41 of 3rd period - Tyler Madden wins face-off versus Nikita Alexandrov in neutral zone.
8:46 of 3rd period - Shot by Mackenzie Entwistle.
8:46 of 3rd period - Stopped by Adam Scheel without a rebound.
8:47 of 3rd period - Tyler Madden wins face-off versus Nikita Alexandrov in Americans zone.
9:16 of 3rd period - Shot by Emil Bemstrom.
9:16 of 3rd period - Shot Misses the Net.
10:48 of 3rd period - Shot by Sheldon Rempal.
10:48 of 3rd period - Stopped by Jesper Wallstedt without a rebound.
10:49 of 3rd period - Josh Anderson wins face-off versus Charles Hudon in Wolfpack zone.
10:49 of 3rd period - Jonathan Gruden is hit by Drew Helleson and loses puck.
10:58 of 3rd period - Shot by Josh Anderson.
10:58 of 3rd period - Stopped by Jesper Wallstedt without a rebound.
10:59 of 3rd period - Nikita Alexandrov wins face-off versus Mavrik Bourque in Wolfpack zone.
11:19 of 3rd period - Shot by Mavrik Bourque.
11:19 of 3rd period - Stopped by Adam Scheel without a rebound.
11:20 of 3rd period - Charles Hudon wins face-off versus Ivan Ivan in Americans zone.
11:23 of 3rd period - Shot by Gage Quinney.
11:23 of 3rd period - Shot Misses the Net.
11:35 of 3rd period - Shot by Charles Hudon.
11:35 of 3rd period - Shot Misses the Net.
11:37 of 3rd period - Shot by Charles Hudon.
11:37 of 3rd period - Stopped by Adam Scheel without a rebound.
11:38 of 3rd period - Alex Turcotte wins face-off versus Mavrik Bourque in Americans zone.
12:23 of 3rd period - Mackenzie Entwistle is hit by Josh Anderson and loses puck.
12:33 of 3rd period - Off-side.
12:34 of 3rd period - Charles Hudon wins face-off versus Carter Mazur in neutral zone.
12:34 of 3rd period - Gage Quinney is hit by Carter Mazur and loses puck.
12:38 of 3rd period - Dillon Heatherington is hit by Henry Thrun.
12:50 of 3rd period - Shot by Gage Quinney.
12:50 of 3rd period - Shot Misses the Net.
13:10 of 3rd period - Shot by Gage Quinney.
13:10 of 3rd period - Shot Blocked by Henry Thrun.
13:45 of 3rd period - Shot by Josh Mahura.
13:45 of 3rd period - Stopped by Adam Scheel without a rebound.
13:46 of 3rd period - Tyler Madden wins face-off versus Ivan Ivan in Americans zone.
13:57 of 3rd period - Shot by Mackenzie Entwistle.
13:57 of 3rd period - Deflect By Emil Bemstrom.
13:57 of 3rd period - Stopped by Adam Scheel with a rebound.
13:59 of 3rd period - Shot by Tyler Madden.
13:59 of 3rd period - Deflect By Emil Bemstrom.
13:59 of 3rd period - Stopped by Adam Scheel without a rebound.
14:00 of 3rd period - Sheldon Rempal wins face-off versus Mavrik Bourque in Americans zone.
14:30 of 3rd period - Shot by Mavrik Bourque.
14:30 of 3rd period - Stopped by Adam Scheel without a rebound.
14:31 of 3rd period - Ivan Ivan wins face-off versus Gage Quinney in Americans zone.
14:31 of 3rd period - Ivan Ivan is hit by Nicolas Deslauriers.
14:34 of 3rd period - Icing by Thomas Bordeleau.
14:35 of 3rd period - Ivan Ivan wins face-off versus Charles Hudon in Americans zone.
14:35 of 3rd period - Thomas Bordeleau is hit by Nicolas Deslauriers and loses puck.
14:49 of 3rd period - Ivan Ivan is hit by Josh Mahura and loses puck.
14:56 of 3rd period - Shot by Kristian Reichel.
14:56 of 3rd period - Stopped by Jesper Wallstedt without a rebound.
14:57 of 3rd period - Vasili Ponomarev wins face-off versus Alex Turcotte in Wolfpack zone.
15:06 of 3rd period - Shot by Cole Schneider.
15:06 of 3rd period - Shot Misses the Net.
15:24 of 3rd period - Shot by Josh Anderson.
15:24 of 3rd period - Shot Misses the Net.
16:00 of 3rd period - Shot by Nicolas Deslauriers.
16:00 of 3rd period - Stopped by Adam Scheel without a rebound.
16:01 of 3rd period - Nikita Alexandrov wins face-off versus Emil Bemstrom in Americans zone.
16:13 of 3rd period - Icing by Drew Helleson.
16:14 of 3rd period - Tyler Madden wins face-off versus Ivan Ivan in Wolfpack zone.
16:14 of 3rd period - Tyler Madden is hit by Kristian Reichel.
16:33 of 3rd period - Emil Bemstrom is hit by Michael Vukojevic and loses puck.
16:43 of 3rd period - Minor Penalty to Jack Thompson for Hooking.
16:44 of 3rd period - Ivan Ivan wins face-off versus Charles Hudon in Americans zone.
17:00 of 3rd period - Marco Scandella is hit by Michael Vukojevic and loses puck.
17:57 of 3rd period - Off-side.
17:58 of 3rd period - Ivan Ivan wins face-off versus Mavrik Bourque in neutral zone.
18:01 of 3rd period - Shot by Henry Thrun.
18:01 of 3rd period - Shot Misses the Net.
18:07 of 3rd period - Shot by Mavrik Bourque.
18:07 of 3rd period - Shot Misses the Net.
18:09 of 3rd period - Shot by Jacob MacDonald.
18:09 of 3rd period - Stopped by Adam Scheel without a rebound.
18:10 of 3rd period - Thomas Bordeleau wins face-off versus Mavrik Bourque in Americans zone.
18:49 of 3rd period - Shot by John Leonard.
18:49 of 3rd period - Stopped by Adam Scheel without a rebound.
18:50 of 3rd period - Nikita Alexandrov wins face-off versus Vasili Ponomarev in Americans zone.
18:55 of 3rd period - Cole Schneider is hit by Joakim Kemell and loses puck.
19:12 of 3rd period - Shot by Carter Mazur.
19:12 of 3rd period - Shot Misses the Net.
19:14 of 3rd period - Shot by Michael Vukojevic.
19:14 of 3rd period - Shot Misses the Net.
19:16 of 3rd period - Shot by Jack Thompson.
19:16 of 3rd period - Stopped by Jesper Wallstedt without a rebound.
19:17 of 3rd period - Mavrik Bourque wins face-off versus Thomas Bordeleau in Wolfpack zone.
19:22 of 3rd period - Wolfpack, Jesper Wallstedt is pulled from the net.
19:26 of 3rd period - Shot by Mavrik Bourque.
19:26 of 3rd period - Deflect By Drake Caggiula.
19:26 of 3rd period - Shot Blocked by Dennis Cholowski.
19:28 of 3rd period - Shot by Marco Scandella.
19:28 of 3rd period - Deflect By Drake Caggiula.
19:28 of 3rd period - Shot Misses the Net.
19:42 of 3rd period - Shot by Mavrik Bourque.
19:42 of 3rd period - Stopped by Adam Scheel without a rebound.
19:43 of 3rd period - Mavrik Bourque wins face-off versus Thomas Bordeleau in Americans zone.
19:56 of 3rd period - Shot by Mackenzie Entwistle.
19:56 of 3rd period - Stopped by Adam Scheel without a rebound.
19:57 of 3rd period - Mavrik Bourque wins face-off versus Kristian Reichel in Americans zone.
Goals for this period are 0 for Wolfpack vs 0 for Americans.
Shots for this period are 15 for Wolfpack vs 7 for Americans.